 Dungeon Crawl Stone Soup version 0.27-a0-1442-g87b6fcb595 (webtiles) character file.

Game seed: 1837056395946689504

183 funkygono the Grasshopper (level 5, -5/43 HPs)
             Began as a Gnoll Warper on July 4, 2021.
             Killed from afar by an orc wizard (11 damage)
             ... with a puff of flame
             ... on level 3 of the Dungeon.
             The game lasted 00:06:13 (3128 turns).

funkygono the Grasshopper (Gnoll Warper)            Turns: 3128, Time: 00:06:14

Health: -5/43      AC:  3    Str: 11    XL:     5   Next: 62%
Magic:  12/12      EV: 12    Int: 13    God:
Gold:   99         SH:  0    Dex: 11    Spells: 6/14 levels left

rFire    . . .     SeeInvis .   a - +0 falchion
rCold    . . .     Faith    .   (no shield)
rNeg     . . .     Spirit   .   b - +0 leather armour
rPois    .         Reflect  .   (no helmet)
rElec    .         Harm     .   (no cloak)
rCorr    .         Rampage  .   (no gloves)
Will     .....                  (no boots)
Stlth    +.........             (no amulet)
HPRegen  0.14/turn              (no ring)
MPRegen  0.13/turn              (no ring)

@: on berserk cooldown, slowed, very slow
A: fangs 1, strong nose, distributed training
a: no special abilities


You were on level 3 of the Dungeon.
You visited 1 branch of the dungeon, and saw 3 of its levels.

You collected 99 gold pieces.

Inventory:

Hand Weapons
 a - a +0 falchion (weapon)
Missiles
 g - 12 bolts
 m - 5 boomerangs (quivered)
Armour
 b - a +0 leather armour (worn)
 j - a +0 scale mail
 l - a +0 ring mail
Jewellery
 n - a ring of see invisible
Scrolls
 c - a scroll of blinking
 k - a scroll of holy word {unknown}
Potions
 e - a potion of flight


   Skills:
 + Level 4.8 Fighting
 + Level 1.6 Short Blades
 + Level 4.8 Long Blades
 + Level 1.6 Axes
 + Level 1.6 Maces & Flails
 + Level 1.6 Polearms
 + Level 1.6 Staves
 + Level 1.6 Slings
 + Level 1.6 Bows
 + Level 1.6 Crossbows
 + Level 3.0 Throwing
 + Level 3.0 Armour
 + Level 4.8 Dodging
 + Level 1.6 Stealth
 + Level 1.6 Shields
 + Level 1.6 Unarmed Combat
 + Level 5.2 Spellcasting
 + Level 1.2 Conjurations
 + Level 1.2 Hexes
 + Level 1.2 Summonings
 + Level 1.2 Necromancy
 + Level 5.5 Translocations
 + Level 1.2 Transmutations
 + Level 1.2 Fire Magic
 + Level 1.2 Ice Magic
 + Level 1.2 Air Magic
 + Level 1.2 Earth Magic
 + Level 1.2 Poison Magic
 + Level 1.8 Invocations
 + Level 1.6 Evocations


You had 6 spell levels left.
You knew the following spells:

 Your Spells              Type           Power      Damage    Failure   Level
a - Blink                 Tloc           N/A        N/A       3%          2
b - Gell's Gravitas       Tloc           8%         N/A       7%          3
c - Teleport Other        Tloc           17%        N/A       7%          3

Your spell library contained the following spells:

 Spells                   Type           Power      Damage    Failure   Level
 Apportation              Tloc           34%        N/A       2%          1
 Lesser Beckoning         Tloc           8%         N/A       7%          3
 Animate Skeleton         Necr           12%        N/A       14%         1
 Corona                   Hex            6%         N/A       14%         1
 Summon Small Mammal      Summ           24%        N/A       14%         1
 Manifold Assault         Tloc           17%        N/A       54%         5


Dungeon Overview and Level Annotations

Branches:
Dungeon (3/15)

Altars:


Innate Abilities, Weirdness & Mutations

You have very sharp teeth.
Your uncanny sense of smell can sniff out nearby items.
Your experience applies equally to all skills.


Message History

You feel a strong urge to attack something.
Something hits you but does no damage.
You bump into the rock wall.
The orc wizard points at you and mumbles some strange words.
You resist with some effort.
You hear some strange, mumbled words.
A magic dart appears from out of thin air!
The magic dart hits you.
* * * LOW HITPOINT WARNING * * *
You closely miss the orc wizard.
The orc wizard is severely wounded.
The orc wizard casts a spell at you. You resist with some effort.
You hear some strange, mumbled words.
A puff of flame appears from out of thin air!
The puff of flame hits you.
* * * LOW HITPOINT WARNING * * *
You feel a strong urge to attack something.
An orc wizard appears from thin air!
Reactivating autopickup.
The orc wizard hits you but does no damage.
Things that are here:
a +0 dagger; an orc corpse You miss the orc wizard.
The orc wizard is moderately wounded.
The orc wizard hits you with a +0 dagger.
* * * LOW HITPOINT WARNING * * *
You're too confused to move!
You feel less confused.
You are no longer berserk.
You are exhausted.
You feel yourself slow down.
The orc wizard gestures at you while chanting.
The puff of flame hits you.
* * * LOW HITPOINT WARNING * * *
You feel better.
The orc wizard hits you with a +0 dagger.
* * * LOW HITPOINT WARNING * * *
The orc wizard casts a spell at you. The puff of flame hits you!
You die...

∆ ..###....#.# #.. .
.......#.#.####.. ..
#................
..##########.........
..........†'......... # ∆
##......##......... #..
#......##.........
#....###o.....##.........
#......o@.....+..........
#....###......###########
#.. #......# # #......#
#.(....# #.?....#
#......# ########


You could see 2 orc wizards.

Vanquished Creatures
  An orc priest (D:3)
  6 gnolls
  2 adders
  2 worms
  3 dart slugs
  2 orcs (D:3)
  5 ball pythons
  7 bats
  4 endoplasms
  5 giant cockroaches
  4 goblins
  7 hobgoblins
  5 jackals
  3 quokkas (D:1)
  A frilled lizard (D:3)
  A kobold (D:3)
  3 rats
61 creatures vanquished.

Notes
Turn   | Place    | Note
-------+----------+-------------------------------------------
     0 | D:1      | funkygono the Gnoll Warper began the quest for the Orb.
     0 | D:1      | Reached XP level 1. HP: 20/20 MP: 6/6
   285 | D:1      | Reached XP level 2. HP: 17/26 MP: 7/7
   288 | D:1      | Learned a level 2 spell: Blink
   794 | D:1      | Reached XP level 3. HP: 31/31 MP: 9/9
   878 | D:1      | Learned a level 3 spell: Gell's Gravitas
   898 | D:1      | Learned a level 3 spell: Teleport Other
   937 | D:1      | Reached skill level 5 in Spellcasting
  1284 | D:2      | Reached skill level 1 in Invocations
  1774 | D:2      | Reached skill level 1 in Short Blades
  1774 | D:2      | Reached skill level 1 in Axes
  1774 | D:2      | Reached skill level 1 in Maces & Flails
  1774 | D:2      | Reached skill level 1 in Polearms
  1774 | D:2      | Reached skill level 1 in Staves
  1774 | D:2      | Reached skill level 1 in Slings
  1774 | D:2      | Reached skill level 1 in Bows
  1774 | D:2      | Reached skill level 1 in Crossbows
  1774 | D:2      | Reached skill level 1 in Stealth
  1774 | D:2      | Reached skill level 1 in Shields
  1774 | D:2      | Reached skill level 1 in Unarmed Combat
  1774 | D:2      | Reached skill level 1 in Evocations
  1790 | D:2      | Reached XP level 4. HP: 38/38 MP: 0/11
  2343 | D:2      | Reached skill level 1 in Conjurations
  2343 | D:2      | Reached skill level 1 in Hexes
  2343 | D:2      | Reached skill level 1 in Summonings
  2343 | D:2      | Reached skill level 1 in Necromancy
  2343 | D:2      | Reached skill level 1 in Transmutations
  2343 | D:2      | Reached skill level 1 in Fire Magic
  2343 | D:2      | Reached skill level 1 in Ice Magic
  2343 | D:2      | Reached skill level 1 in Air Magic
  2343 | D:2      | Reached skill level 1 in Earth Magic
  2343 | D:2      | Reached skill level 1 in Poison Magic
  2732 | D:3      | Reached XP level 5. HP: 27/43 MP: 12/12
  3127 | D:3      | HP: 1/43 [orc wizard/puff of flame (5)]
  3128 | D:3      | Killed from afar by an orc wizard

Illustrated notes

Levels and vault maps discovered:
D:1:      evilmike_arrival_rings, layout_basic,
          amcnicky_mini_rare_corridor_liquid
D:2:      minmay_door_path, layout_loops_ring, minmay_tree_intersection
D:3:      layout_basic, shapermc_ecumenical_altar_notcrosses

Skill      XL: |  1  2  3  4  5 |
---------------+----------------+-----
Spellcasting   | 5 |  5.2
Invocations    | 1 |  1.8
Short Blades   | 1 |  1.6
Axes           | 1 |  1.6
Maces & Flails | 1 |  1.6
Polearms       | 1 |  1.6
Staves         | 1 |  1.6
Slings         | 1 |  1.6
Bows           | 1 |  1.6
Crossbows      | 1 |  1.6
Stealth        | 1 |  1.6
Shields        | 1 |  1.6
Unarmed Combat | 1 |  1.6
Evocations     | 1 |  1.6
Conjurations   | 1 |  1.2
Hexes          | 1 |  1.2
Summonings     | 1 |  1.2
Necromancy     | 1 |  1.2
Transmutations | 1 |  1.2
Fire Magic     | 1 |  1.2
Ice Magic      | 1 |  1.2
Air Magic      | 1 |  1.2
Earth Magic    | 1 |  1.2
Poison Magic   | 1 |  1.2
Throwing       | 3 |  3.0
Armour         | 3 |  3.0
Fighting       | |  4.8
Long Blades    | |  4.8
Dodging        | |  4.8
Translocations | |  5.5

Action                   |  1- 3 |  4- 6 || total
-------------------------+-------+-------++-------
Melee: Falchion          |   101 |    97 ||   198
       Bite              |     6 |     6 ||    12
       Punch             |     1 |       ||     1
Throw: Boomerang         |       |     8 ||     8
 Cast: Gell's Gravitas   |     3 |       ||     3
  Use: Scroll            |     1 |     4 ||     5
       Potion            |       |     3 ||     3
 Stab: Sleeping          |     1 |       ||     1
Armor: Leather armour    |    31 |    31 ||    62
Dodge: Dodged            |    73 |    73 ||   146
       Rpst.: Falchion   |    29 |    25 ||    54

Table legend: (Time is in decaauts)
 A = Elapsed time spent in this place.
 B = Non-inter-level travel time spent in this place.
 C = Inter-level travel time spent in this place.
 D = Time resting spent in this place.
 E = Time spent auto-exploring this place.
 F = Levels seen in this place.
 G = Mean time per level.
                   A        B        C        D        E       F      G
               +--------+--------+--------+--------+--------+-----+--------+
         Total |   3139 |   3094 |     45 |    178 |   2282 |   3 | 1046.3 |
       Dungeon |   3139 |   3094 |     45 |    178 |   2282 |   3 | 1046.3 |
               +--------+--------+--------+--------+--------+-----+--------+

Top non-repeatable levels by time:
     D:2: 1304 daAuts
     D:1: 1160 daAuts
     D:3: 675 daAuts
